 Dungeon Crawl Stone Soup version 0.31-a0-426-g3a05650e59 (webtiles) character file.

Game seed: 6438185794162459455

4914 LeprechaunX the Grappler (level 10, -11/61 HPs)
             Began as an Octopode Shapeshifter on July 31, 2023.
             Was an Elder of Hepliaklqana.
             Engulfed by a steam dragon's steam (13 damage)
             ... on level 9 of the Dungeon.
             The game lasted 00:13:00 (6998 turns).

LeprechaunX the Grappler (Octopode Shapeshifter)    Turns: 6998, Time: 00:13:01

Health: -11/61     AC:  5    Str: 19    XL:     10   Next: 51%
Magic:  10/10      EV: 30    Int: 10    God:    Hepliaklqana [****..]
Gold:   324        SH:  0    Dex: 13    Spells: 9/9 levels left

rFire   . .          .
                       - Unarmed
rCold   . . .        (no shield)
rNeg    . . .        (helmet currently unavailable)
rPois   .            t - amulet of the acrobat
rElec   .            u - ring of flight
rCorr   .            D - +4 ring of protection
SInv    .            (no ring)
Will    .....        (no ring)
Stlth   ++           (no ring)
HPRegen 0.30/turn    (no ring)
MPRegen 0.12/turn    (no ring)
                     (no ring)

%: acrobat
@: beast-form, acrobatic, flying
A: beast (slay +4), reduced essence, almost no armour, amphibious, 8 rings,
camouflage 1, gelatinous body 1, (nimble swimmer 1), tentacles
a: Begin Untransformation, Renounce Religion, Recall Ancestor, Ancestor
Identity, Transference, Idealise


You were on level 9 of the Dungeon.
You worshipped Hepliaklqana.
Hepliaklqana was greatly pleased with you.
You were a hulking beast.
You visited 1 branch of the dungeon, and saw 9 of its levels.
You also visited: Sewer.

You collected 439 gold pieces.
You spent 115 gold pieces at shops.

Inventory:

Hand Weapons
 a - a +0 arbalest
Missiles
 c - 7 javelins (quivered)
Armour
 q - a +1 hat
Jewellery
 j - an amulet of magic regeneration
 k - a ring of ice
 t - an amulet of the acrobat (around mantle)
 u - a ring of flight (left tentacle)
 D - a +4 ring of protection (right tentacle)
Talismans
 b - a beast talisman (active)
Wands
 v - a wand of charming (18)
 C - a wand of roots (4)
Scrolls
 h - 9 scrolls of identify {unknown}
 i - 6 scrolls of teleportation {unknown}
 o - a scroll of blinking
 p - 3 scrolls of enchant armour {unknown}
 r - a scroll of vulnerability {unknown}
 s - a scroll of butterflies {unknown}
 y - 2 scrolls of immolation {unknown}
 E - 3 scrolls of revelation {unknown}
 F - a scroll of noise {unknown}
Potions
 d - 3 potions of berserk rage {unknown}
 e - a potion of mutation {unknown}
 f - 3 potions of enlightenment {unknown}
 g - 2 potions of degeneration {unknown}
 l - a potion of magic {unknown}
 m - 4 potions of heal wounds {unknown}
 w - a potion of attraction {unknown}
 x - a potion of brilliance {unknown}
 z - 3 potions of curing {unknown}
 A - a potion of cancellation {unknown}
 B - 2 potions of lignification
Miscellaneous
 n - a phantom mirror


   Skills:
 - Level 6.0 Fighting
 - Level 6.1 Dodging
 * Level 10.9 Unarmed Combat
 + Level 6.8 Shapeshifting


You had 9 spell levels left.
You didn't know any spells.
Your spell library contained the following spells:

 Spells                   Type           Power      Damage    Failure   Level
 Necrotise                Necr           0%         1d4       36%         1
 Sting                    Tmut/Pois      0%         1d3       36%         1
 Poisonous Vapours        Pois/Air       0%         N/A       50%         2
 Vampiric Draining        Necr           0%         2d6       75%         3
 Vhi's Electric Charge    Tloc/Air       0%         N/A       75%         3
 Olgreb's Toxic Radiance  Pois           0%         N/A       98%         4
 Agony                    Necr           0%         N/A       100%        5
 Arcjolt                  Conj/Air       0%         1d10      100%        5
 Iskenderun's Battlesphe  Conj           0%         2d6       100%        5
 Leda's Unmaking          Conj/Erth      0%         9d1       100%        6
 Plasma Beam              Fire/Air       0%         2x1d10    100%        6
 Spellforged Servitor     Conj/Summ      0%         N/A       100%        7


Dungeon Overview and Level Annotations

Branches:
Dungeon (9/15)             Temple (0/1) D:6            Lair (0/5) D:8
    Orc (0/2) D:9           Sewer (visited)

Altars:
Cheibriados
Dithmenos
Elyvilon
Fedhas
Hepliaklqana
Kikubaaqudgha
Qazlal
Ru
Sif Muna
Trog
Vehumet
Wu Jian
Xom
Yredelemnul
The Shining One
Lugonu

Shops:
D:1 (   D:5 *   D:8 (

Portals:
Abyss: D:6

Annotations:
D:6 2 runed translucent doors


Innate Abilities, Weirdness & Mutations

You are a hulking beast.
Your limbs bulge with bestial killing power. (Slay +4)
Your life essence is reduced to manifest your ancestor. (-10% HP)
You cannot wear most types of armour.
You are amphibious.
You can wear up to eight rings at the same time.
Your skin changes colour to match your surroundings (Stealth+).
Your rubbery body absorbs attacks. (AC +1, EV +1)
((You are camouflaged when in or above water. (Stealth+)))
You have tentacles for arms and can constrict up to eight enemies at once.


Message History

The orc wizard gestures wildly while chanting.
The orc wizard flickers and vanishes!
Deactivating autopickup; reactivate with Ctrl-A.
A yak comes into view.
The howler monkey moves out of view.
Found twelve items.
A killer bee, a centaur and a water moccasin come into view.
Unknown command.
You swap places.
The steam dragon breathes steam at you.
The ball of steam hits Akhenaten!
Akhenaten resists.
The ball of steam hits you!
The steam dragon closely misses Akhenaten.
The steam dragon claws Akhenaten.
Akhenaten points at the steam dragon and mumbles some strange words.
The steam dragon appears confused.
The killer bee moves out of view.
There is an open door here.
Something barely misses Akhenaten.
Something closely misses Akhenaten. x2
Something claws Akhenaten.
There is an open door here.
Something bites Akhenaten but does no damage.
Something misses Akhenaten.
You hear a shout!
You hear an angry buzzing noise.
The steam dragon breathes steam at you.
The ball of steam hits Akhenaten.
Akhenaten resists.
The ball of steam hits you!!
You are engulfed in a cloud of scalding steam.
* * * LOW HITPOINT WARNING * * *
There is an open door here.
There's a creature in the doorway!
The steam dragon breathes steam at you.
The ball of steam hits Akhenaten!
Akhenaten resists.
The ball of steam hits you!!
* * * LOW HITPOINT WARNING * * *
You are engulfed in a cloud of scalding steam.
You die...

############
##########..........#
.......#.'..........#
.......#R#..........# ##########
.......'.#......§§..####.........
.......###......h§R§'.D..########
.......# #...<..§§§.####.#
.......# #>.........# #.#
.......# ######'##### #.##
#####'## ####.# ##D.#### #...#
#....# ##......## #.### ##.####
#..####..### #.# #..#
#§##..##.... #.# #.## ####§#
D/.#....


You could see the friendly Akhenaten the hexer.

Vanquished Creatures
  A two-headed ogre (D:8)
  A cyclops (D:8)
  Grinder (D:4)
  A wyvern (D:7)
  Pargi (D:3)
  2 black bears
  2 orc warriors
  An ice beast (D:8)
  An ogre (D:5)
  2 bullfrogs
  2 wyvern zombies (D:7)
  2 scorpions
  7 wights (D:7)
  6 killer bees (D:7)
  7 howler monkeys
  A vampire bat (D:4)
  A centaur zombie (D:7)
  A bullfrog zombie (D:7)
  A hound (D:4)
  4 iguanas
  A sleepcap (D:6)
  A gnoll bouda (D:7)
  Ijyb (D:5)
  An orc wizard (D:7)
  2 killer bee zombies (D:7)
  5 howler monkey zombies (D:7)
  10 adders
  8 gnolls
  A worm (D:4)
  A dart slug (D:3)
  22 orcs
  7 bats
  A bat skeleton (D:4)
  3 bat zombies (D:4)
  3 endoplasms
  10 giant cockroaches
  6 hobgoblins
  9 quokkas
  12 ball pythons
  5 frilled lizards
  10 goblins
  5 kobolds
  6 rats
175 creatures vanquished.

Vanquished Creatures (collateral kills)
  A komodo dragon (D:8)
  A yak (D:9)
  A water moccasin (D:5)
  An ice beast (D:6)
  An orc warrior (D:8)
  An ogre (D:6)
  A gnoll sergeant (D:8)
  A wight (D:7)
  A jelly (D:6)
  An orc wizard (D:8)
  A gnoll (D:8)
  An ufetubus (D:4)
  6 orcs
  A ball python (D:4)
19 creatures vanquished.

Vanquished Creatures (others)
  An orc wizard (D:6)
  2 hexers
3 creatures vanquished.

Grand Total: 197 creatures vanquished

Notes
Turn   | Place    | Note
-------+----------+-------------------------------------------
     0 | D:1      | LeprechaunX the Octopode Shapeshifter began the quest for
                  | the Orb.
     0 | D:1      | Reached XP level 1. HP: 13/13 MP: 1/1
   178 | D:1      | Reached XP level 2. HP: 18/18 MP: 2/2
   811 | D:1      | Found Ufaer's Weapon Emporium.
  1041 | D:2      | Reached XP level 3. HP: 23/23 MP: 3/3
  1079 | D:2      | You fall into a shaft and drop 2 floors!
  1222 | D:4      | Found a sacrificial altar of Ru.
  1223 | D:4      | Found a hazy altar of Hepliaklqana.
  1224 | D:4      | Found a stormy altar of Qazlal.
  1225 | D:4      | Found a bloodstained altar of Trog.
  1231 | D:4      | Became a worshipper of Hepliaklqana the Forgotten
  1274 | D:4      | Noticed Grinder
  1284 | D:4      | Reached XP level 4. HP: 24/29 MP: 4/4
  1284 | D:4      | Paralysed by Grinder for 3 turns
  1296 | D:4      | Killed Grinder
  1297 | D:4      | Reached skill level 4 in Unarmed Combat
  1297 | D:4      | Reached XP level 5. HP: 32/35 MP: 5/5
  1297 | D:4      | Reached XP level 6. HP: 37/41 MP: 6/6
  1415 | D:4      | Found a glowing drain.
  1419 | Sewer    | Entered a sewer
  1460 | Sewer    | Reached skill level 5 in Unarmed Combat
  1784 | D:4      | Reached XP level 7. HP: 44/46 MP: 7/7
  2349 | D:3      | Found a blossoming altar of Fedhas.
  2363 | D:3      | Reached * piety under Hepliaklqana
  2632 | D:3      | Noticed Pargi
  2652 | D:3      | Killed Pargi
  3149 | D:4      | Reached skill level 6 in Unarmed Combat
  3242 | D:4      | Found an ancient bone altar of Kikubaaqudgha.
  3338 | D:5      | Entered Level 5 of the Dungeon
  3338 | D:5      | Found Sylalel's Assorted Antiques.
  3349 | D:5      | Bought a shiny garnet ring for 115 gold pieces
  3386 | D:5      | Reached ** piety under Hepliaklqana
  3389 | D:5      | Remembered your ancestor Akhenaten as a hexer
  3467 | D:5      | Found a shimmering altar of Xom.
  3468 | D:5      | Found a white marble altar of Elyvilon.
  3469 | D:5      | Found a glowing golden altar of the Shining One.
  3473 | D:5      | Found a shimmering blue altar of Sif Muna.
  3489 | D:5      | Noticed Ijyb
  3503 | D:5      | Killed Ijyb
  3505 | D:5      | Reached XP level 8. HP: 40/48 MP: 8/8
  3676 | D:5      | Found an ornate altar of the Wu Jian Council.
  4083 | D:6      | Found a shadowy altar of Dithmenos.
  4175 | D:6      | Found a one-way gate to the infinite horrors of the Abyss.
  4181 | D:6      | Reached skill level 7 in Unarmed Combat
  4205 | D:6      | Found a large runed translucent door.
  4205 | D:6      | Found a large runed translucent door.
  4206 | D:6      | Found a corrupted altar of Lugonu.
  4230 | D:6      | Found a staircase to the Ecumenical Temple.
  4446 | D:6      | Reached skill level 5 in Dodging
  4788 | D:7      | Reached *** piety under Hepliaklqana
  4868 | D:7      | Reached skill level 5 in Shapeshifting
  4933 | D:7      | Reached XP level 9. HP: 54/54 MP: 9/9
  5002 | D:7      | Reached skill level 5 in Fighting
  5066 | D:7      | Reached skill level 8 in Unarmed Combat
  5468 | D:7      | Found a snail-covered altar of Cheibriados.
  5699 | D:7      | Reached skill level 9 in Unarmed Combat
  5794 | D:7      | Found a white marble altar of Elyvilon.
  5960 | D:8      | Found Pinant's Weapon Shoppe.
  6013 | D:8      | Noticed a two-headed ogre
  6029 | D:8      | Noticed a cyclops
  6042 | D:8      | Killed a cyclops
  6043 | D:8      | Reached XP level 10. HP: 61/61 MP: 10/10
  6090 | D:8      | Killed a two-headed ogre
  6091 | D:8      | Reached skill level 10 in Unarmed Combat
  6343 | D:8      | Found a staircase to the Lair.
  6454 | D:8      | Reached **** piety under Hepliaklqana
  6746 | D:9      | Found a staircase to the Orcish Mines.
  6758 | D:9      | Found a radiant altar of Vehumet.
  6874 | D:9      | Found a basalt altar of Yredelemnul.
  6997 | D:9      | HP: 2/61 [something/ball of steam (18)]
  6998 | D:9      | Engulfed by a steam dragon's steam

Illustrated notes

Levels and vault maps discovered:
D:1:      scummos_arrival_gate, layout_basic, serial_shops,
          nicolae_shop_tiny_glass, chequers_serial_rivers_micro_d
D:2:      layout_basic
D:3:      layout_basic, fedhas_ov_isle_minmay, uniq_pargi
D:4:      layout_basic, kennysheep_vampire_church, mainiacjoe_overflow_alcove_3,
          gup_sewer_entry_spiral, uniq_grinder
D:5:      layout_cave_pools, pdpol_wu_jian_five_deadly_venoms,
          chequers_temple_overflow_statue_of_worship, serial_shops,
          nicolae_stop_n_shop_1, uniq_ijyb
D:6:      due_chaos_kobolds, layout_rooms,
          nicolae_dithmenos_through_a_glass_darkly,
          minmay_temple_entry_large_hall, minmay_liquid_box
D:7:      layout_loops_ring, mainiacjoe_overflow_tiny_flanked, serial_undead,
          serial_undead_b, serial_undead_d, serial_undead_f, serial_undead_d,
          serial_undead_e, serial_undead_d, kennysheep_diamond
D:8:      layout_rooms, david_lair_shrubbed, serial_shops, shop,
          minmay_misc_feat_room
D:9:      layout_roguey, lemuel_doored_altar, lemuel_round_altar, orc_0_dummy,
          minmay_joined_circles

Skill      XL: |  1  2  3  4  5  6  7  8  9 10 |
---------------+-------------------------------+-----
Fighting       | 2 3 4 6 |  6.0
Dodging        | 3 4 5 6 |  6.1
Unarmed Combat | 4 5 6 7 9 10 | 10.9
Shapeshifting  | 4 5 6 |  6.8

Action                     |  1- 3 |  4- 6 |  7- 9 | 10-12 || total
---------------------------+-------+-------+-------+-------++-------
  Melee: Unarmed           |    57 |    60 |   193 |    28 ||   338
         Constrict         |     8 |    14 |    51 |     9 ||    82
         Punch             |     2 |     1 |    13 |     4 ||    20
         Tentacles         |     4 |    10 |    57 |    12 ||    83
   Fire: Arbalest          |       |       |    11 |       ||    11
  Throw: Javelin           |       |       |    17 |     7 ||    24
 Invoke: Ancestor Life: He |       |       |     1 |       ||     1
  Evoke: Phantom mirror    |       |       |     1 |       ||     1
    Use: Potion            |     1 |       |       |       ||     1
   Stab: Sleeping          |     5 |     4 |     8 |       ||    17
         Confused          |       |       |     6 |       ||     6
         Distracted        |       |       |     2 |     1 ||     3
 Armour: Skin              |    17 |     7 |    25 |     3 ||    52
  Dodge: Dodged            |    37 |    29 |   127 |    21 ||   214

Table legend: (Time is in decaauts)
 A = Elapsed time spent in this place.
 B = Non-inter-level travel time spent in this place.
 C = Inter-level travel time spent in this place.
 D = Time resting spent in this place.
 E = Time spent auto-exploring this place.
 F = Levels seen in this place.
 G = Mean time per level.
                   A        B        C        D        E       F      G
               +--------+--------+--------+--------+--------+-----+--------+
         Total |   6978 |   6610 |    368 |    598 |   4692 |  10 |  697.8 |
       Dungeon |   6710 |   6342 |    368 |    598 |   4550 |   9 |  745.6 |
         Sewer |    267 |    267 |      0 |      0 |    142 |   1 |  267.0 |
               +--------+--------+--------+--------+--------+-----+--------+

Top non-repeatable levels by time:
     D:7: 1162 daAuts
     D:4: 1071 daAuts
     D:1: 830 daAuts
     D:5: 763 daAuts
     D:8: 749 daAuts
     D:6: 606 daAuts
     D:3: 590 daAuts
     D:2: 563 daAuts
     D:9: 373 daAuts
   Sewer: 267 daAuts
